 Dungeon Sprint DCSS version 0.19-a0-1442-g3b32ff5 (webtiles) character file.

5783 poirepourri the Severer (level 10, 77/77 HPs)
             Began as a Deep Dwarf Fighter on Sept 5, 2016.
             Quit the game in the Dungeon (Sprint I: "Red Sonja").
             The game lasted 00:03:56 (3177 turns).

poirepourri the Severer (Deep Dwarf Fighter)        Turns: 3177, Time: 00:03:57

Health: 77/77      AC:  3    Str: 19    XL:     10   Next: 50%
Magic:  10/10      EV: 14    Int:  5    God:
Gold:   435        SH:  9    Dex: 12    Spells: 0 memorised, 9 levels left

rFire  . . .     SeeInvis .     a - +0 war axe
rCold  . . .     Gourm    .     b - +0 scale mail
rNeg   . . .     Faith    .     c - +0 shield
rPois  +         Spirit   .     (no helmet)
rElec  .         Dismiss  .     (no cloak)
rCorr  .         Reflect  .     (no gloves)
MR     +....     Harm     .     (no boots)
Stlth  .......... Rnd*Rage +    (no amulet) NoTele +
                                (no ring)
                                (no ring)

@: exhausted, non-regenerating
A: damage resistance, recharge devices, berserk 2, blurry vision 1, deformed
body, dopey 2, frail 3, low mp 2, sense surroundings 2, poison resistance,
screaming 2, slow regeneration 3, weak 2, subdued magic 1, MP-powered wands
a: Device Recharging


You were in the Dungeon.
You were not hungry.

You visited 1 branch You collected 643 gold pieces.
You spent 208 gold pieces at shops.

Inventory:

Hand Weapons
 a - a +0 war axe (weapon)
Armour
 b - a +0 scale mail (worn)
 c - a +0 shield (worn)
Jewellery
 p - an uncursed amulet of harm
Wands
 e - a wand of heal wounds (5/9)
 n - a wand of flame (0/48)
Scrolls
 l - a scroll of blinking
Potions
 d - a potion of might
 g - 5 potions of curing
 i - a potion of haste
 j - 2 potions of magic
 k - a potion of berserk rage
 m - a potion of flight
Comestibles
 f - a bread ration


   Skills:
 + Level 13.8 Fighting
 + Level 15.1 Axes
 - Level 3.2 Armour
 + Level 13.0 Dodging
 - Level 3.2 Shields
 + Level 10.2 Evocations


You had 9 spell levels left.
You didn't know any spells.

Dungeon Overview and Level Annotations

Branches:
Dungeon (1/1)

Altars:
Cheibriados
Dithmenos
Elyvilon
Fedhas
Gozag
Hepliaklqana
Kikubaaqudgha
Makhleb
Nemelex Xobeh
Okawaru
Qazlal
Ru
Sif Muna
Trog
Uskayaw
Vehumet
Xom
Yredelemnul
Zin
The Shining One
Jiyva
Lugonu

Shops:
D [?%!(*


Innate Abilities, Weirdness & Mutations

You are resistant to damage.
You can recharge devices by infusing magical energy.
You passively map the area around you.
You do not regenerate.
You often lose your temper in combat.
Scrolls take you a little longer to read.
Armour fits poorly on your strangely shaped body.
You are very dopey. (Int -4)
You are extremely frail. (-30% HP)
Your magical capacity is very low. (-20% MP)
Your system is resistant to poisons. (rPois)
You sometimes yell uncontrollably at your foes.
You are very weak. (Str -4)
Your spells are a little easier to cast, but a little less powerful.
You expend magic power (3 MP) to strengthen your wands.


Message History

You hit the shining eye.
The shining eye is almost dead.
The shining eye gazes at you.
Strange energies course through your body.
You feel weaker.
You hit the shining eye.
The shining eye is almost dead.
You slash the shining eye!
You kill the shining eye!
Your Axes skill increases to level 15!
Your Dodging skill increases to level 13!
You open the huge gate.
Found three shops.
Found Wyariek's Weapon Shop.
There is a huge open gate here.
You feel yourself speed up.
There is an entrance to Wyariek's Weapon Shop here.
You can't go down here!
There is an entrance to Wyariek's Weapon Shop here.
Are you sure you want to abandon this character and quit the game? (Confirm with "yes".)

#........#
#+# * ,,
#..#.....#
,, + * **
#........#,,
, * ,,
#.....#..# *
#........# ,
, ,,
#..#.....# ,
, , , ≈ *
#........#
###''''### ≈
#∩......@# *
* *
#........# *
* #∩......∩#
∩ ∩
########## *
* *


There were no monsters in sight!

Vanquished Creatures
  2 centaur warriors (D)
  A deep troll (D)
  8 shining eyes (D)
  A slime creature (D)
  Sigmund (D)
  A yak (D)
  4 giant eyeballs (D)
  A wasp (D)
  An ogre (D)
  A jelly (D)
  Ijyb (D)
22 creatures vanquished.

Vanquished Creatures (others)
  Sonja (D)
  A gargoyle (D)
2 creatures vanquished.

Grand Total: 24 creatures vanquished

Notes
Turn   | Place    | Note
-------+----------+-------------------------------------------
     0 | D        | poirepourri the Deep Dwarf Fighter began the quest for the Orb.
     0 | D        | Reached XP level 1. HP: 20/20 MP: 1/1
     2 | D        | Noticed Ijyb
    19 | D        | Killed Ijyb
    19 | D        | Reached skill level 4 in Axes
    19 | D        | Reached skill level 1 in Dodging
    19 | D        | Reached XP level 2. HP: 26/31 MP: 2/2
    24 | D        | Noticed an ogre
    30 | D        | Killed an ogre
    30 | D        | Reached skill level 5 in Axes
    30 | D        | Reached skill level 1 in Evocations
    30 | D        | Reached XP level 3. HP: 28/42 MP: 3/3
    30 | D        | Reached XP level 4. HP: 33/49 MP: 4/4
    44 | D        | Noticed Sigmund
    57 | D        | Killed Sigmund
    57 | D        | Reached skill level 7 in Axes
    57 | D        | Reached XP level 5. HP: 25/61 MP: 4/6
    75 | D        | Found a burning altar of Makhleb.
    75 | D        | Found a viscous altar of Jiyva.
    75 | D        | Found a shimmering altar of Xom.
    75 | D        | Found a corrupted altar of Lugonu.
    75 | D        | Noticed a slime creature
    88 | D        | Killed a slime creature
    88 | D        | Reached skill level 9 in Axes
    88 | D        | Reached skill level 5 in Dodging
    88 | D        | Reached XP level 6. HP: 23/72 MP: 5/7
    96 | D        | Found a deep blue altar of Sif Muna.
    98 | D        | Found a radiant altar of Vehumet.
   102 | D        | Reached skill level 10 in Fighting
   137 | D        | Found Daublyv's Distillery.
   137 | D        | Found an ancient bone altar of Kikubaaqudgha.
   137 | D        | Found a hazy altar of Hepliaklqana.
   137 | D        | Found a stormy altar of Qazlal.
   137 | D        | Found a hide-covered altar of Uskayaw.
   137 | D        | Found a blossoming altar of Fedhas.
   137 | D        | Found a bloodstained altar of Trog.
   137 | D        | Found an iron altar of Okawaru.
   137 | D        | Found a basalt altar of Yredelemnul.
   137 | D        | Found a glowing golden altar of the Shining One.
   137 | D        | Found a snail-covered altar of Cheibriados.
   137 | D        | Found a sacrificial altar of Ru.
   137 | D        | Found a glowing silver altar of Zin.
   137 | D        | Found a shadowy altar of Dithmenos.
   137 | D        | Found a white marble altar of Elyvilon.
   137 | D        | Noticed a yak
   147 | D        | Killed a yak
   147 | D        | Reached skill level 10 in Axes
   147 | D        | Reached XP level 7. HP: 35/79 MP: 7/9
   148 | D        | Found an opulent altar of Gozag.
   149 | D        | Found a sparkling altar of Nemelex Xobeh.
   174 | D        | Bought a potion of might for 52 gold pieces
   174 | D        | Bought a potion of curing for 39 gold pieces
   174 | D        | Bought a potion of curing for 39 gold pieces
   174 | D        | Bought a potion of curing for 39 gold pieces
   174 | D        | Bought a potion of curing for 39 gold pieces
   203 | D        | Noticed a centaur warrior
   205 | D        | Noticed a centaur warrior
   220 | D        | Killed a centaur warrior
   220 | D        | Reached skill level 11 in Axes
   220 | D        | Reached skill level 5 in Evocations
   220 | D        | Reached XP level 8. HP: 47/90 MP: 9/11
   244 | D        | Killed a centaur warrior
   244 | D        | Reached skill level 12 in Axes
   269 | D        | Gained mutation: You passively map the area around you. [Deep Dwarf growth]
   269 | D        | Reached XP level 9. HP: 91/98 MP: 12/12
   301 | D        | Noticed a deep troll
   322 | D        | Killed a deep troll
   322 | D        | Reached skill level 13 in Axes
   322 | D        | Reached skill level 10 in Dodging
   339 | D        | Noticed Sonja
   858 | D        | Killed Sonja
  1075 | D        | Killed a gargoyle
  3063 | D        | Found Roar Ziu's Antique Armour Boutique.
  3066 | D        | Noticed a shining eye
  3066 | D        | Noticed a shining eye
  3066 | D        | Noticed a shining eye
  3066 | D        | Noticed a shining eye
  3066 | D        | Noticed a shining eye
  3066 | D        | Noticed a shining eye
  3067 | D        | Paralysed by a giant eyeball for 2 turns
  3067 | D        | Gained mutation: You tend to lose your temper in combat. [a shining eye]
  3068 | D        | Gained mutation: You are frail. (-10% HP) [a shining eye]
  3071 | D        | Paralysed by a giant eyeball for 4 turns
  3076 | D        | Paralysed by a giant eyeball for 3 turns
  3082 | D        | Paralysed by a giant eyeball for 2 turns
  3090 | D        | Gained mutation: You often lose your temper in combat. [a shining eye]
  3090 | D        | Gained mutation: Armour fits poorly on your strangely shaped body. [a shining eye]
  3094 | D        | Gained mutation: You are weak. (Str -2) [a shining eye]
  3099 | D        | Gained mutation: Scrolls take you a little longer to read. [a shining eye]
  3101 | D        | Gained mutation: You expend magic power (3 MP) to strengthen your wands. [a shining eye]
  3103 | D        | Killed a shining eye
  3105 | D        | Gained mutation: Your system is resistant to poisons. (rPois) [a shining eye]
  3108 | D        | Gained mutation: Your magical capacity is low. (-10% MP) [a shining eye]
  3111 | D        | Killed a shining eye
  3111 | D        | Gained mutation: Your magical capacity is very low. (-20% MP) [a shining eye]
  3119 | D        | Killed a shining eye
  3119 | D        | Reached skill level 14 in Axes
  3119 | D        | Gained mutation: Your spells are a little easier to cast, but a little less powerful. [a shining eye]
  3121 | D        | Gained mutation: Scrolls take you longer to read. [a shining eye]
  3128 | D        | Gained mutation: You occasionally shout uncontrollably at your foes. [a shining eye]
  3130 | D        | Killed a shining eye
  3130 | D        | Reached XP level 10. HP: 99/99 MP: 9/9
  3135 | D        | Killed a shining eye
  3139 | D        | Killed a shining eye
  3143 | D        | Noticed a shining eye
  3143 | D        | Noticed a shining eye
  3143 | D        | Gained mutation: You are very frail. (-20% HP) [a shining eye]
  3144 | D        | Gained mutation: You are extremely frail. (-30% HP) [a shining eye]
  3144 | D        | Lost mutation: Scrolls take you longer to read. [a shining eye]
  3150 | D        | Gained mutation: You are dopey. (Int -2) [a shining eye]
  3155 | D        | Gained mutation: You sometimes yell uncontrollably at your foes. [a shining eye]
  3156 | D        | Killed a shining eye
  3156 | D        | Reached skill level 10 in Evocations
  3157 | D        | Gained mutation: You are very dopey. (Int -4) [a shining eye]
  3158 | D        | Gained mutation: You are very weak. (Str -4) [a shining eye]
  3160 | D        | Killed a shining eye
  3160 | D        | Reached skill level 15 in Axes
  3168 | D        | Found Muzer's Magic Scroll Shoppe.
  3168 | D        | Found Xejoy's General Store.
  3168 | D        | Found Izyrihi's Food Emporium.
  3169 | D        | Found Wyariek's Weapon Shop.
  3177 | D        | Quit the game

Vault maps used:
D:        dungeon_sprint_1

Skill      XL: |  1  2  3  4  5  6  7  8  9 10 |
---------------+-------------------------------+-----
Fighting       | 4 6 8 9 10 11 13 | 13.8
Axes           | 4 5 7 9 10 11 12 14 15 | 15.1
Dodging        | 1 2 4 5 6 8 9 12 13 | 13.0
Evocations     | 1 2 3 4 5 7 9 10 | 10.2
Armour         | |  3.2
Shields        | |  3.2

Action                   |  1- 3 |  4- 6 |  7- 9 | 10-12 || total
-------------------------+-------+-------+-------+-------++-------
Melee: War axe           |    20 |    33 |   114 |    22 ||   189
 Abil: Device Recharging |       |     1 |     3 |       ||     4
Evoke: Wand              |     1 |     5 |    15 |       ||    21
  Use: Potion            |       |     1 |     2 |       ||     3
       Scroll            |       |       |     3 |       ||     3
  Eat: Meat ration       |       |       |     1 |       ||     1
       Bread ration      |       |       |     1 |       ||     1
Armor: Scale mail        |     6 |     5 |    44 |       ||    55
Dodge: Dodged            |     3 |     8 |    38 |       ||    49
Block: Shield            |    10 |    11 |    62 |       ||    83
